 Dungeon Crawl Stone Soup version 0.30.1-9-gdf580d7c3d (webtiles) character file.

Game seed: 9841055071183185664

42 Wizardman02 the Chiller (level 3, 0/21 HPs)
             Began as a Vampire Ice Elementalist on Oct 1, 2023.
             Slain by an orc priest
             ... wielding a +0 war axe
              (11 damage)
             ... on level 3 of the Dungeon.
             The game lasted 00:09:17 (1891 turns).

Wizardman02 the Chiller (Vampire Ice Elementalist)  Turns: 1891, Time: 00:09:18

Health: 0/21       AC:  2    Str:  7    XL:     3   Next: 33%
Magic:  5/6        EV: 12    Int: 19    God:
Gold:   44         SH:  0    Dex: 14    Spells: 5/6 levels left

rFire   . . .        h - +0 rapier
rCold   . . .        (no shield)
rNeg    . . .        a - +0 robe
rPois   .            (no helmet)
rElec   .            (no cloak)
rCorr   .            (no gloves)
SInv    +            (no boots)
Will    .....        (no amulet)
Stlth   ++           (no ring)
HPRegen 0.43/turn    (no ring)
MPRegen 0.10/turn

%: no passive effects
@: healing quickly
A: alive, fangs 3, see invisible, vampiric 2, [frail 1]
a: Exsanguinate


You were on level 3 of the Dungeon.
You visited 1 branch of the dungeon, and saw 3 of its levels.

You collected 44 gold pieces.

Inventory:

Hand Weapons
 e - a +0 short sword
 h - a +0 rapier (weapon)
Armour
 a - a +0 robe (worn)
Scrolls
 c - a scroll of identify {unknown}
 f - a scroll of enchant weapon {unknown}
 g - 2 scrolls of poison {unknown}
Potions
 b - a potion of magic
 d - a potion of attraction {unknown}
 i - a potion of berserk rage {unknown}


   Skills:
 + Level 2.4 Dodging
 + Level 3.7 Stealth
 - Level 2.0 Spellcasting
 + Level 4.9 Ice Magic


You had 5 spell levels left.
You knew the following spells:

 Your Spells              Type           Power      Damage    Failure   Level
a - Freeze                Ice            80%        1d9       2%          1

Your spell library contained the following spells:

 Spells                   Type           Power      Damage    Failure   Level
 Frozen Ramparts          Ice            40%        1d7       7%          3
 Ozocubu's Armour         Ice            20%        N/A       7%          3
 Summon Ice Beast         Ice/Summ       11%        N/A       52%         4


Dungeon Overview and Level Annotations

Branches:
Dungeon (3/15)

Altars:

Shops:
D:3 (


Innate Abilities, Weirdness & Mutations

Your natural rate of healing is accelerated.
You have razor-sharp teeth.
You have supernaturally acute eyesight. (SInv)
You are afflicted with vampirism and can become a bat while bloodless.
[You are frail. (-10% HP)]


Message History

The orc is severely wounded.
The orc closely misses you.
Casting: Freeze (safe; 2% risk of failure)
Confirm with . or Enter, or press ? or * to list all spells.
Aiming: Freeze (safe; 2% risk of failure)
Press: ? - help, Shift-Dir - straight line, f/p - orc
Aim: an orc, wielding a +2 whip of pain (severely wounded)
You freeze the orc.
The orc is almost dead.
The orc misses you.
Casting: Freeze (safe; 2% risk of failure)
Confirm with . or Enter, or press ? or * to list all spells.
Aiming: Freeze (safe; 2% risk of failure)
Press: ? - help, Shift-Dir - straight line, f/p - orc
Aim: an orc, wielding a +2 whip of pain (almost dead)
You freeze the orc.
You kill the orc!
You start resting.
Magic restored.
Okay, then.
You see here a +2 whip of pain.
An orc comes into view. It is wielding a +0 whip.
Found Wimos's Antique Weapon Shop.
Casting: Freeze (safe; 2% risk of failure)
Confirm with . or Enter, or press ? or * to list all spells.
Aiming: Freeze (safe; 2% risk of failure)
Press: ? - help, Shift-Dir - straight line, f - orc priest
Aim: an orc priest, wielding a +0 war axe (asleep)
You freeze the orc priest!
The orc priest shouts!
The orc priest is heavily wounded.
The orc priest shouts!
The orc shouts!
The orc priest invokes the aid of Beogh against you.
Pain shoots through your body!
Ouch! That really hurt!
You hit the orc priest.
The orc priest is heavily wounded.
The orc priest hits you with a +0 war axe!
Ouch! That really hurt!
You die...

.....########...####
...# #...)..# ...
+...##.# #########.#
#.........#
...####.#### #oo#.#
#o##)# #.@..# ######
#.....# #.....# #.
#.....# #.. #....)#
#..######.....#
##......##.....#
............(..#


You could see 2 orc priests and an orc.

Vanquished Creatures
  A worm (D:2)
  2 dart slugs
  2 orcs (D:3)
  3 endoplasms
  2 giant cockroaches
  4 goblins (D:1)
  3 hobgoblins
  2 jackals (D:2)
  4 kobolds
  2 ball pythons (D:2)
  4 frilled lizards
  2 rats
31 creatures vanquished.

Notes
Turn   | Place    | Note
-------+----------+-------------------------------------------
     0 | D:1      | Wizardman02 the Vampire Ice Elementalist began the quest
                  | for the Orb.
     0 | D:1      | Reached XP level 1. HP: 13/13 MP: 3/3
   593 | D:1      | Reached XP level 2. HP: 17/19 MP: 1/5
  1442 | D:2      | Gained mutation: You are afflicted with vampirism and can
                  | become a bat while bloodless. [Vampire growth]
  1442 | D:2      | Reached XP level 3. HP: 18/21 MP: 0/6
  1700 | D:2      | Found a faded altar of an unknown god.
  1721 | D:2      | HP: 1/21 [gnoll/+0 spear (10)]
  1888 | D:3      | Found Wimos's Antique Weapon Shop.
  1891 | D:3      | Slain by an orc priest

Illustrated notes

Levels and vault maps discovered:
D:1:      matt_arrival_refuge, layout_basic, minmay_misc_feat_hallway
D:2:      layout_basic, shapermc_ecumenical_altar_notcrosses, kennysheep_boxes
D:3:      layout_basic, mainiacjoe_overflow_big_doors, serial_shops,
          nicolae_shop_back_alley_shop, gammafunk_ghost_split

Action                     || total
---------------------------++-------
  Melee: Short sword       ||     5
         Dagger            ||     1
         Rapier            ||     2
         Bite              ||     1
   Cast: Freeze            ||    47
Ability: Exsanguinate      ||     1
         Revivify          ||     1
   Stab: Sleeping          ||     6
 Armour: Robe              ||     6
  Dodge: Dodged            ||    26
